Map: Kairos Junction LE

Players

IIIIIIIIIIII (Firefly)

  • Race: Protoss Protoss
  • Spawn Location: 5:00

iGCoffeeMs (Coffee) - Winner!

  • Race: Terran Terran
  • League: Master
  • Spawn Location: 11:00

Event: 2019 WCS Winter Americas

VOD

Have the link to the VOD?

Description

Time

  • Played on: Feb. 15, 2019, 1:59 p.m.
  • Length: 10:49

All games in this series

Show
View Real Time Build Order
Export as new Build Order

IIIIIIIIIIII Protoss 

Build Orders: 1 Gate Expand, Double Forge, Blink Stalkers 

Get SALT Encoding   

  12  0:00  Probe  
  13  0:12  Probe  
  14  0:17  Pylon  
  14  0:24  Probe  
  15  0:32  Probe  
  15  0:37  Gateway  
  15  0:40  Probe  
  16  0:46  Assimilator  
  17  0:51  Probe  
  18  1:03  Probe  
  19  1:15  Probe  
  20  1:23  Nexus  
  20  1:33  Cybernetics Core  
  20  1:37  Probe  
  21  1:46  Assimilator  
  21  1:49  Probe  
  21  1:50  Pylon  
  22  1:59  Stalker  
  22  2:02  Probe  
  23  2:09  Warp Gate  
  23  2:14  Probe  
  26  2:26  Probe  
  27  2:31  Stalker  
  27  2:33  Probe  
  27  2:34  Probe  
  29  2:40  Twilight Council  
  29  2:41  Probe  
  29  2:42  Probe  
  30  2:48  Blink  
  30  2:51  Probe  
  32  2:52  Probe  
  34  3:03  Probe  
  34  3:05  Probe  
  36  3:10  Gateway x2  
  36  3:15  Probe  
  36  3:19  Probe  
  38  3:23  Stalker  
  40  3:28  Probe  
  40  3:32  Pylon  
  40  3:33  Probe  
  42  3:38  Pylon  
  42  3:40  Probe  
  43  3:45  Probe  
  44  3:52  Probe  
  44  3:54  Assimilator  
  45  3:57  Probe  
  46  4:05  Stalker x3, Probe  
  53  4:10  Probe  
  54  4:20  Nexus  
  54  4:27  Pylon  
  54  4:30  Stalker x2  
  58  4:35  Stalker  
  60  4:38  Pylon  
  58  4:48  Forge  
  58  4:50  Forge  
  58  5:01  Probe x2  
  60  5:08  Charge  
  60  5:13  Protoss Ground Weapons Level 1, Protoss Ground Armor Level 1  
  61  5:20  Pylon  
  61  5:23  Gateway  
  61  5:24  Gateway  
  61  5:25  Gateway  
  61  5:26  Gateway  
  60  5:31  Probe, Gateway  
  60  5:32  Probe  
  62  5:37  Robotics Facility  
  62  5:39  Probe  
  63  5:43  Probe, Pylon  
  63  5:44  Probe  
  63  5:48  Sentry x2  
  63  5:49  Sentry  
  71  5:51  Probe  
  66  6:06  Probe  
  65  6:12  Zealot x3  
  70  6:18  Stalker  
  70  6:21  Stalker x2  
  70  6:22  Probe x2  
  77  6:31  Stalker x2  
  79  6:35  Zealot x3  
  79  6:39  Protoss Ground Weapons Level 2  
  74  6:54  Zealot x5  
  74  7:06  Nexus  
  74  7:19  Probe x2  
  74  7:22  Pylon  
  76  7:33  Probe x2  
  76  7:36  Pylon  
  78  7:37  Pylon  
  78  7:40  Protoss Ground Armor Level 2  
  78  7:41  Phoenix  
  78  7:43  Stalker x3  
  84  7:59  Probe x2  
  84  8:03  Warp Prism  
  88  8:09  Zealot x4  
  88  8:11  Probe  
  88  8:12  Probe  
  98  8:19  Zealot x2  
  102  8:29  Probe x3  
  105  8:37  Assimilator  
  105  8:38  Assimilator  
  105  8:39  Assimilator  
  105  8:40  Templar Archives  
  106  8:41  Probe  
  106  8:46  Probe x2  
  108  8:53  Probe  
  109  8:57  Zealot x4  
  109  8:58  Zealot x4  
  125  9:05  Pylon  
  125  9:06  Photon Cannon  
  125  9:22  Pylon x2  
  125  9:29  Zealot x4  
  130  9:34  Zealot x2  
  130  9:35  Zealot x2  
  130  9:37  Immortal  
  90  9:49  Stalker x4  
  92  9:55  Zealot x3  
  84  10:00  Zealot  
  78  10:10  Probe  
  78  10:11  Probe x2  
  78  10:13  Stalker x3  
  79  10:15  Zealot  
  75  10:28  Zealot x4  
  73  10:40  Stalker x3  
  73  10:41  Stalker  
Show
View Real Time Build Order
Export as new Build Order

iGCoffeeMs Terran - Winner!

Build Orders: Liberator Opening, Reaper Expand 

Get SALT Encoding   

  12  0:01  SCV  
  13  0:13  SCV  
  14  0:17  Supply Depot  
  14  0:25  SCV  
  15  0:39  SCV, Barracks  
  16  0:43  Refinery  
  16  0:51  SCV  
  17  1:03  SCV  
  18  1:15  SCV  
  19  1:27  Reaper, Orbital Command  
  20  1:45  Command Center  
  20  1:50  Supply Depot  
  20  1:53  SCV  
  21  1:59  Marine  
  22  2:05  SCV  
  22  2:08  Factory  
  23  2:13  Refinery  
  23  2:17  SCV  
  23  2:20  Barracks Reactor  
  25  2:30  SCV  
  25  2:42  SCV  
  28  2:51  Widow Mine  
  28  2:53  Starport  
  28  2:54  SCV  
  28  2:56  Orbital Command  
  28  2:57  Marine x2  
  31  3:03  Barracks  
  31  3:15  Widow Mine, Marine x2  
  35  3:20  SCV  
  35  3:22  SCV  
  37  3:30  Medivac  
  37  3:33  SCV  
  40  3:35  SCV  
  40  3:36  Factory Tech Lab  
  40  3:38  Supply Depot  
  40  3:39  Marine x2  
  43  3:43  Liberator  
  43  3:46  SCV  
  43  3:47  SCV  
  45  3:52  Barracks Tech Lab, Refinery  
  45  3:58  SCV  
  45  4:00  SCV, Marine x2  
  51  4:10  SCV  
  51  4:12  SCV, Stimpack, Marine  
  51  4:15  Supply Depot  
  54  4:17  Supply Depot  
  54  4:37  SCV x2, Siege Tank, Marine x3  
  62  4:42  Engineering Bay  
  62  4:44  Supply Depot  
  62  4:49  SCV x2  
  61  4:56  Marauder  
  61  5:01  SCV x2, Medivac  
  63  5:11  Siege Tank  
  63  5:12  Marine x2  
  63  5:13  SCV x2  
  69  5:17  Marine  
  70  5:22  Supply Depot  
  70  5:23  Engineering Bay  
  70  5:26  Supply Depot  
  70  5:30  SCV x2  
  70  5:31  Terran Infantry Weapons Level 1  
  70  5:33  Starport Reactor  
  74  5:35  Marauder  
  74  5:39  Marine x2  
  76  5:43  SCV x2  
  76  5:49  Siege Tank  
  81  5:50  Barracks  
  81  5:55  SCV x2  
  82  5:59  Marauder  
  82  6:03  Supply Depot  
  82  6:07  SCV x2, Marine  
  82  6:08  Marine  
  85  6:12  Combat Shield  
  82  6:21  Marauder  
  84  6:25  Marine x2  
  84  6:27  Siege Tank  
  84  6:29  SCV x2  
  91  6:34  Medivac  
  93  6:42  Marauder  
  95  6:53  Marine x2  
  82  6:57  SCV x2  
  74  7:01  Command Center  
  74  7:03  Marauder  
  74  7:05  Refinery  
  74  7:06  Concussive Shells  
  74  7:07  Marauder  
  74  7:08  Factory Reactor  
  75  7:09  SCV x2  
  75  7:12  Barracks x2  
  75  7:13  Marine x2  
  76  7:19  Supply Depot  
  76  7:25  Marauder  
  76  7:27  Terran Infantry Armor Level 1  
  76  7:28  Supply Depot  
  78  7:31  Marauder  
  78  7:34  Medivac x2  
  78  7:35  Marine x2  
  86  7:39  SCV  
  86  7:40  SCV  
  86  7:42  Supply Depot  
  88  7:45  Widow Mine x2  
  88  7:46  Marauder  
  94  7:54  Marine x2  
  94  7:55  Marauder  
  98  8:01  Barracks Tech Lab, Barracks Reactor  
  98  8:02  Missile Turret  
  98  8:07  Marauder, Widow Mine x2  
  98  8:11  SCV x2  
  106  8:13  Orbital Command  
  106  8:18  Medivac x2, Marine x2  
  114  8:20  Marauder  
  114  8:21  Marauder  
  116  8:29  Marauder  
  116  8:30  Widow Mine x2  
  121  8:40  Marine x4  
  125  8:43  Marauder  
  125  8:44  Marauder  
  129  8:50  Orbital Command  
  129  8:57  Marauder  
  129  8:59  Widow Mine x2  
  129  9:00  Marine x4  
  129  9:01  Liberator x2  
  139  9:05  Marauder, Marine  
  139  9:07  Supply Depot  
  139  9:09  Supply Depot  
  141  9:10  SCV x2  
  149  9:29  Marauder, Marine x3  
  134  9:40  Marauder, Marine  
  134  9:43  Marauder  
  125  9:47  Marine x3  
  125  9:51  Marauder  
  126  9:58  Marine  
  118  10:01  Marauder  
  118  10:04  Marine  
  118  10:05  Marauder  
  118  10:06  SCV x2  
  117  10:13  Marauder  
  119  10:14  Widow Mine  
  119  10:20  SCV x2  
  117  10:23  Marauder  
  115  10:30  Marine x3  
  115  10:31  Marine  
  130  10:45  Barracks Tech Lab  
Tags
 
Add a new tag
Caveats
  • Supply blocks, unpowered buildings, or Contaminate may cause inaccurate times.
  • Supply counts are checked every 10 seconds.